 Dungeon Crawl Stone Soup version 0.30.1-9-gdf580d7c3d (webtiles) character file.

Game seed: 16553346987906511994

801 lonewolfV2 the Shield-Bearer (level 8, -8/62 HPs)
             Began as a Formicid Fighter on Sept 27, 2023.
             Killed from afar by an orc sorcerer (20 damage)
             ... with a bolt of fire
             ... on level 7 of the Dungeon.
             The game lasted 00:05:51 (4862 turns).

lonewolfV2 the Shield-Bearer (Formicid Fighter)     Turns: 4862, Time: 00:05:52

Health: -8/62      AC:  7    Str: 24    XL:     8   Next: 14%
Magic:  8/8        EV: 10    Int:  7    God:
Gold:   291        SH:  6    Dex: 13    Spells: 7/7 levels left

rFire   . . .        a - +1 war axe (spect)
rCold   . . .        c - +1 buckler
rNeg    + . .        b - +0 scale mail
rPois   .            (helmet unavailable)
rElec   .            (no cloak)
rCorr   .            (no gloves)
SInv    +            (no boots)
Will    .....        h - amulet of regeneration Stlth
                     v - ring of positive energy
HPRegen 1.10/turn    (no ring)
MPRegen 0.11/turn

%: no passive effects
@: lethally poisoned (-8 -> -13)
A: permanent stasis, dig shafts and tunnels, antennae 3, four strong arms
a: Dig, Shaft Self


You were on level 7 of the Dungeon.
You visited 1 branch of the dungeon, and saw 8 of its levels.

You collected 291 gold pieces.

Inventory:

Hand Weapons
 a - a +1 spectral war axe (weapon)
Armour
 b - a +0 scale mail (worn)
 c - a +1 buckler (worn)
Jewellery
 h - an amulet of regeneration (around neck)
 v - a ring of positive energy (left hand)
Wands
 t - a wand of flame (6)
Scrolls
 f - 4 scrolls of teleportation
 l - a scroll of enchant armour
 n - a scroll of enchant weapon
 s - a scroll of fog
Potions
 d - 2 potions of might
 e - a potion of invisibility {unknown}
 g - 2 potions of flight
 i - a potion of attraction {unknown}
 j - 4 potions of brilliance {unknown}
 k - 2 potions of haste
 m - a potion of cancellation
 o - 3 potions of curing
 p - a potion of degeneration {unknown}
 q - a potion of ambrosia {unknown}
 r - 2 potions of berserk rage {unknown}
 u - a potion of magic {unknown}


   Skills:
 + Level 5.1 Fighting
 + Level 5.3 Axes
 + Level 5.5 Armour
 + Level 1.8 Dodging
 + Level 1.1 Stealth
 + Level 5.7 Shields


You had 7 spell levels left.
You didn't know any spells.
Your spell library contained the following spells:

 Spells                   Type           Power      Damage    Failure   Level
 Ensorcelled Hibernation  Hex/Ice        0%         N/A       88%         2
 Passwall                 Tmut/Erth      0%         N/A       88%         2
 Borgnjor's Revivificati  Necr           0%         N/A       100%        8
 Necromutation            Tmut/Necr      0%         N/A       100%        8
 Death's Door             Necr           0%         N/A       100%        9
 Swiftness                Air            Unusable   N/A       N/A         3

Dungeon Overview and Level Annotations

Branches:
Dungeon (8/15)
 Temple: D:4-7         Lair: D:8-11

Altars:
Gozag


Innate Abilities, Weirdness & Mutations

You cannot be hasted, slowed, berserked, paralysed or teleported.
You can dig through walls and to a lower floor.
You have a pair of large antennae on your head. (SInv)
Your four strong arms can wield two-handed weapons with a shield.


Message History

The orc shouts!
You hear a shout!
An orc wizard comes into view.
It is wielding a +1 dagger of holy wrath.
The orc wizard moves out of view.
The orc sorcerer casts a spell at you.
The bolt of fire hits the orc.
The bolt of fire hits you!!
You hear a shout!
The orc sorcerer points at you and mumbles some strange words.
The bolt of fire hits the orc!!
The orc dies!
The bolt of fire misses you.
There is a stone staircase leading down here.
Things that are here:
a +0 short sword; a +0 leather armour; an orc corpse The orc sorcerer hits you with a +2 dagger of venom.
You are poisoned.
You hit the orc sorcerer.
The orc sorcerer is lightly wounded.
You barely miss the orc.
Your +1 spectral war axe hits the orc sorcerer.
Your +1 spectral war axe barely misses the orc. x2
Your +1 spectral war axe hits the orc sorcerer but does no damage.
You feel very sick.
The orc sorcerer mumbles some strange words.
The orc hits you with a +0 flail.
The orc sorcerer hits you but does no damage.
You are more poisoned.
The orc attacks as you move away! The orc hits you with a +0 flail!
* * * LOW HITPOINT WARNING * * *
Your +1 spectral war axe disappears.
You feel very sick. The orc sorcerer casts a spell at you.
Your stasis prevents you from being paralysed.
There is a stone staircase leading down here.
Things that are here:
a +0 short sword; a +0 leather armour; an orc corpse You feel very sick.
You block the orc's attack.
The orc sorcerer gestures at you while chanting.
The bolt of fire hits you!!
You die...

oo#≈.## .. ..≈..#
#.. #≈..# #.. ##≈..#
≈##.##≈≈..########
≈≈~.o≈≈..........#..
.....4.o#........#..
#...oo#..........#
#####@#........#.##
#.#........#...
#......(.......
##........(....
#..........###
###............#
#.......>....#..
...........#..##
#....#.######.>#


You could see an ice devil (summoned), an orc sorcerer and 3 orcs.

Vanquished Creatures
  A centaur (D:5)
  3 bullfrogs
  2 scorpions
  2 hounds (D:5)
  A jelly (D:5)
  An orc wizard (D:5)
  An iguana (D:5)
  10 gnolls
  8 adders
  A shadow imp (D:6)
  An ufetubus (D:5)
  2 worms
  3 dart slugs
  8 orcs (D:5)
  8 ball pythons
  8 endoplasms
  A giant cockroach (D:4)
  7 goblins
  6 hobgoblins
  4 jackals (D:2)
  4 kobolds
  2 quokkas (D:1)
  4 bats
  4 frilled lizards
  3 rats
95 creatures vanquished.

Vanquished Creatures (others)
  An orc (D:7)
1 creature vanquished.

Grand Total: 96 creatures vanquished

Notes
Turn   | Place    | Note
-------+----------+-------------------------------------------
     0 | D:1      | lonewolfV2 the Formicid Fighter began the quest for the
                  | Orb.
     0 | D:1      | Reached XP level 1. HP: 18/18 MP: 1/1
    59 | D:1      | Reached XP level 2. HP: 18/24 MP: 2/2
   805 | D:1      | Reached XP level 3. HP: 24/29 MP: 3/3
  1414 | D:2      | You fall into a shaft and drop 2 floors!
  1437 | D:4      | Reached XP level 4. HP: 37/37 MP: 4/4
  2190 | D:2      | Reached XP level 5. HP: 4/42 MP: 0/5
  2191 | D:2      | Reached skill level 1 in Dodging
  3178 | D:4      | Noticed a bullfrog
  3189 | D:4      | Killed a bullfrog
  3190 | D:4      | Reached XP level 6. HP: 46/49 MP: 6/6
  3974 | D:5      | Entered Level 5 of the Dungeon
  4016 | D:5      | Found an opulent altar of Gozag.
  4024 | D:5      | Reached skill level 5 in Shields
  4024 | D:5      | Reached XP level 7. HP: 50/55 MP: 7/7
  4071 | D:5      | Reached skill level 5 in Armour
  4252 | D:5      | Reached skill level 1 in Stealth
  4475 | D:5      | Reached skill level 5 in Axes
  4675 | D:6      | Reached skill level 5 in Fighting
  4675 | D:6      | Reached XP level 8. HP: 46/62 MP: 8/8
  4696 | D:6      | Noticed a yak
  4696 | D:6      | Noticed a yak
  4698 | D:6      | Noticed a yak
  4699 | D:6      | Noticed a yak
  4700 | D:6      | Noticed a yak
  4700 | D:6      | Noticed a yak
  4706 | D:6      | You fall into a shaft and drop 2 floors!
  4846 | D:7      | Noticed an orc sorcerer
  4861 | D:7      | Noticed an ice devil
  4862 | D:7      | Killed from afar by an orc sorcerer

Illustrated notes

Levels and vault maps discovered:
D:1:      tarquinn_simple_flora_water_b, layout_rooms, serial_co_window_serial,
          co_window_paths_a, co_window_of_opportunity_a,
          co_window_of_opportunity_a, co_window_paths_b, co_window_corner_a,
          co_window_cross_4, co_window_broadway_c, co_window_corner_ca,
          co_window_unsneaky_path_e, co_window_unsneaky_path_e,
          co_window_of_opportunity_b, co_window_4corner_a, co_window_paths_d,
          chequers_decorated_corner
D:2:      layout_loops_ring
D:3:      layout_loops_cross, grunt_ministairs_8, minivault_25
D:4:      layout_basic, chequers_jeans
D:5:      layout_layer_cave, lemuel_crystal_altar, nrook_mini_backslash,
          grunt_decor_junction
D:6:      minmay_klotski, layout_loops_ring
D:7:      cheibrodos_wizards_tower, layout_rooms, temple_fountains
D:8:      layout_rooms, nicolae_hepliaklqana_hippocampus,
          grunt_temple_overflow_diamond, lightli_ossuary_entry_decrepit_ruins,
          special_room [special_room_orc], enter_bailey_3, uniq_psyche

Skill      XL: |  1  2  3  4  5  6  7 |
---------------+----------------------+-----
Fighting       | 4 5 |  5.1
Armour         | 4 5 |  5.5
Dodging        | 1 |  1.8
Axes           | 3 4 5 |  5.3
Shields        | 5 |  5.7
Stealth        | 1 |  1.1

Action                     |  1- 3 |  4- 6 |  7- 9 || total
---------------------------+-------+-------+-------++-------
  Melee: War axe           |    77 |   101 |    38 ||   216
Ability: Shaft Self        |     1 |       |     1 ||     2
    Use: Potion            |       |     1 |       ||     1
         Scroll            |       |    13 |       ||    13
 Armour: Scale mail        |    47 |    36 |    21 ||   104
  Dodge: Dodged            |    45 |    60 |    21 ||   126
  Block: Buckler           |    32 |    27 |    16 ||    75
